 Dungeon Crawl Stone Soup version 0.30.1-11-g7821555f0a (webtiles) character file.

Game seed: 587885862779020422

5631 SacredBeard the Grave Robber (level 10, -3/76 HPs)
             Began as a Demonspawn Necromancer on Nov 15, 2023.
             Slain by Grum
             ... wielding a +0 spear
              (27 damage)
             ... in a bailey.
             The game lasted 00:29:25 (10252 turns).

SacredBeard the Grave Robber (DsNe)                Turns: 10252, Time: 00:29:26

Health: -3/76      AC: 13    Str: 12    XL:     10   Next: 46%
Magic:  5/17       EV: 17    Int: 18    God:
Gold:   244        SH:  9    Dex: 27    Spells: 14/19 levels left

rFire   . . .        J - +2 spear (flame)
rCold   . . .        K - +2 buckler
rNeg    . . .        D - +6 scale mail of the Loving Gods {Regen+ Str-2 Dex+9 Stlth+}
rPois   .            (no helmet)
rElec   .            (cloak unavailable)
rCorr   .            (no gloves)
SInv    .            (no boots)
Will    +....        o - amulet of regeneration
Stlth   +++          B - ring "Sigu" {EV+5 Str+5}
HPRegen 1.92/turn    G - +4 ring of slaying
MPRegen 0.15/turn

%: no passive effects
@: mighty
A: demonic guardian 1, powered by pain 1, big brain 1, demonic willpower,
weakness stinger 3
a: no special abilities


You were in a bailey.
You visited 1 branch of the dungeon, and saw 8 of its levels.
You also visited: Sewer and Bailey.

You collected 596 gold pieces.
You spent 352 gold pieces at shops.

Inventory:

Hand Weapons
 u - a +0 dagger
 J - a +2 spear of flaming (weapon)
 N - a +1 dagger of venom
Missiles
 a - 5 curare-tipped darts
 e - 93 stones
 j - 6 boomerangs
 k - 2 atropa-tipped darts
 Q - 2 throwing nets
Armour
 D - the +6 scale mail of the Loving Gods (worn) {Regen+ Str-2 Dex+9 Stlth+}
   (You found it in a sewer)

   Str:       It affects your strength (-2).
   Dex:       It affects your dexterity (+9).
   Regen:     It increases your rate of health regeneration.
   Stlth:     It makes you more stealthy.
 K - a +2 buckler (worn)
Jewellery
 o - an amulet of regeneration (around neck)
 w - a ring of ice
 B - the ring "Sigu" (left hand) {EV+5 Str+5}
   (You found it on level 4 of the Dungeon)

   [ring of evasion]

   EV:        It affects your evasion (+5).
   Str:       It affects your strength (+5).
 G - a +4 ring of slaying (right hand)
 H - a ring of willpower
Wands
 c - a wand of acid (7)
 E - a wand of flame (25)
 F - a wand of iceblast (19)
 P - a wand of digging (3)
Scrolls
 d - 5 scrolls of immolation {unknown}
 f - 4 scrolls of blinking {unknown}
 i - 11 scrolls of identify {unknown}
 m - 2 scrolls of poison {unknown}
 n - 5 scrolls of teleportation {unknown}
 p - 3 scrolls of noise {unknown}
 q - a scroll of fear {unknown}
 r - 2 scrolls of vulnerability {unknown}
 s - a scroll of torment {unknown}
 v - a scroll of amnesia {unknown}
 y - 3 scrolls of fog {unknown}
 A - a scroll of butterflies {unknown}
 L - 2 scrolls of enchant armour {unknown}
 O - a scroll of brand weapon {unknown}
Potions
 b - 2 potions of magic
 g - 9 potions of curing
 h - a potion of invisibility {unknown}
 l - a potion of might
 t - 2 potions of berserk rage {unknown}
 x - a potion of attraction {unknown}
 z - 5 potions of heal wounds
 C - a potion of flight {unknown}
 I - a potion of mutation {unknown}
 M - a potion of haste


   Skills:
 + Level 5.7 Fighting
 * Level 6.7 Long Blades
 - Level 2.0 Throwing
 + Level 4.8 Armour
 + Level 4.7 Dodging
 - Level 3.0 Stealth
 + Level 4.8 Shields
 - Level 5.0 Spellcasting
 - Level 7.0 Necromancy
 - Level 3.0 Evocations


You had 14 spell levels left.
You knew the following spells:

 Your Spells              Type           Power      Damage    Failure   Level
a - Necrotise             Necr           100%       1d9       4%          1
b - Animate Dead          Necr           29%        N/A       43%         4

Your spell library contained the following spells:

 Spells                   Type           Power      Damage    Failure   Level
 Sublimation of Blood     Necr           29%        N/A       7%          2
 Vampiric Draining        Necr           29%        2d8       14%         3
 Blink                    Tloc           8%         N/A       77%         2
 Lesser Beckoning         Tloc           8%         N/A       77%         2
 Momentum Strike          Conj/Tloc      8%         3d8       77%         2
 Poisonous Vapours        Pois/Air       8%         N/A       77%         2
 Agony                    Necr           29%        N/A       78%         5
 Mephitic Cloud           Conj/Pois/Air  4%         N/A       94%         3
 Stone Arrow              Conj/Erth      8%         3d7       94%         3
 Animate Armour           Summ/Erth      8%         N/A       100%        4
 Petrify                  Tmut/Erth      4%         N/A       100%        4
 Summon Ice Beast         Ice/Summ       4%         N/A       100%        4
 Freezing Cloud           Conj/Ice/Air   2%         6-21      100%        5
 Irradiate                Conj/Tmut      2%         3d12      100%        5
 Summon Mana Viper        Hex/Summ       4%         N/A       100%        5
 Monstrous Menagerie      Summ           2%         N/A       100%        7
 Lehudib's Crystal Spear  Conj/Erth      2%         10d2      100%        8


Dungeon Overview and Level Annotations

Branches:
Dungeon (8/15) Zot: 26461  Temple (0/1) D:7            Lair (0/5) D:8
  Sewer (visited)          Bailey (1/1) Zot: 5817

Altars:
Fedhas
Kikubaaqudgha

Shops:
D:1 :   D:7 [!*[

Annotations:
D:7 3 runed translucent doors, SacredBeard's ghost, novice DsNe Bailey Grum


Innate Abilities, Weirdness & Mutations

A weak demonic guardian rushes to your aid.
You sometimes gain a little power by taking damage.
You have an unusually large brain. (Int +2)
You punish those that try to bend your will. (Will+)
You have a sharp stinger which inflicts weakening toxins.


Message History

You block Grum's attack. You block the gnoll sergeant's attack.
Your ufetubus hits the gnoll sergeant.
Your ufetubus hits the gnoll sergeant but does no damage.
Reach: J) +2 spear (flame)
Press: ? - help, Dir - move target, f/p - gnoll sergeant
Aim: a gnoll sergeant, wielding a +0 halberd and wearing a +0 chain mail (moderately wounded, ally target, about 20% to evade your +2 spear of flaming)
You reach to attack!
You barely miss the gnoll sergeant.
The gnoll sergeant is moderately wounded.
Your ufetubus hits the gnoll sergeant but does no damage. x2
You block the gnoll sergeant's attack. The gnoll sergeant barely misses you.
Grum barely misses you.
Reach: J) +2 spear (flame)
Press: ? - help, Dir - move target, f/p - gnoll sergeant
Aim: a gnoll sergeant, wielding a +0 halberd and wearing a +0 chain mail (moderately wounded, ally target, about 20% to evade your +2 spear of flaming)
You could not reach far enough!
Your ufetubus hits Grum but does no damage. x2
You block the gnoll sergeant's attack. The gnoll sergeant closely misses you.
You block Grum's attack.
Your ufetubus barely misses Grum.
Your ufetubus hits Grum.
Reach: J) +2 spear (flame)
Press: ? - help, Dir - move target, f/p - gnoll sergeant
Aim: a gnoll sergeant, wielding a +0 halberd and wearing a +0 chain mail (moderately wounded, ally target, about 20% to evade your +2 spear of flaming)
You reach to attack!
You puncture the gnoll sergeant! You burn the gnoll sergeant.
The gnoll sergeant is almost dead.
Your ufetubus hits the gnoll sergeant but does no damage.
Your ufetubus hits the gnoll sergeant. You block the gnoll sergeant's attack.
The gnoll sergeant hits you from afar with a +0 bardiche!
You block Grum's attack.
Your ufetubus hits Grum but does no damage.
Your ufetubus barely misses Grum.
Reach: J) +2 spear (flame)
Press: ? - help, Dir - move target, f/p - gnoll sergeant
Aim: a gnoll sergeant, wielding a +0 halberd and wearing a +0 chain mail (almost dead, ally target, about 20% to evade your +2 spear of flaming)
You reach to attack!
You closely miss the gnoll sergeant.
The gnoll sergeant is almost dead.
The gnoll sergeant hits you from afar with a +0 halberd!
The gnoll sergeant closely misses you.
Grum hits you from afar with a +0 spear!!
You die...

♣.≈..# ♣.≈..# ..≈..#
..≈..# ##### # ..≈..#
##...## .#
..≈..######.....## '##..
.)...'.).#).....Z#gg....
.)...'.))'...8..@5gh....
.....'.).#)......#g.....
..≈..######.(...## '##..
..≈..# ##...## .# ..≈..#
##### # ..≈..# ♣.≈..#
♣.≈..#


You could see Grum (strong), 2 gnoll sergeants, a wolf, a gnoll, a friendly
ufetubus (summoned) and a friendly gnoll bouda skeleton.

Vanquished Creatures
  Pikel (D:7)
  A polar bear (D:8)
  Menkaure (D:7)
  A water moccasin (D:6)
  3 ice beasts
  3 sky beasts (D:7)
  3 black bears
  2 centaurs
  2 wolves
  3 lemures (D:7)
  A phantom (D:6)
  6 gnoll sergeants
  2 bullfrogs
  A scorpion (D:5)
  9 killer bees (D:7)
  2 howler monkeys (D:7)
  2 jellies
  5 orc priests
  3 sleepcaps
  2 gnoll boudas (Bailey)
  4 hounds
  Jessica (D:2)
  7 iguanas
  6 orc wizards
  17 gnolls
  12 adders
  A river rat (D:4)
  An ufetubus (D:5)
  2 worms
  2 dart slugs
  21 orcs
  14 ball pythons
  3 bat zombies (D:4)
  18 endoplasms
  9 giant cockroaches
  5 goblins
  12 hobgoblins
  7 kobolds
  4 quokkas
  6 bats
  7 frilled lizards
  10 rats
  2 rat zombies (D:4)
224 creatures vanquished.

Vanquished Creatures (collateral kills)
  Joseph (D:7)
  A rime drake (D:8)
  A polar bear (D:8)
  A wolf (Bailey)
  A lemure (D:7)
  A phantom (D:3)
  2 bullfrogs (Sewer)
  A kobold brigand (D:7)
  A howler monkey (D:7)
  A hound (Bailey)
  An adder (Sewer)
  A gnoll (Bailey)
  A white imp (D:7)
  6 orcs
  4 endoplasms
  2 giant cockroaches (Sewer)
  A goblin (D:1)
  2 quokkas
  5 ball pythons
  A frilled lizard (Sewer)
35 creatures vanquished.

Vanquished Creatures (others)
  An orc wizard (D:7)
  2 hound zombies (Bailey)
  2 gnoll zombies (Bailey)
5 creatures vanquished.

Grand Total: 264 creatures vanquished

Notes
Turn   | Place    | Note
-------+----------+-------------------------------------------
     0 | D:1      | SacredBeard the Demonspawn Necromancer began the quest for
                  | the Orb.
     0 | D:1      | Reached XP level 1. HP: 13/13 MP: 3/3
   266 | D:1      | Found Apytwaw's Book Boutique.
   351 | D:1      | Gained mutation: You have a small tail. [demonic ancestry]
   351 | D:1      | Reached XP level 2. HP: 19/19 MP: 3/5
  1105 | D:1      | Gained mutation: A weak demonic guardian rushes to your
                  | aid. [demonic ancestry]
  1105 | D:1      | Reached XP level 3. HP: 25/25 MP: 3/6
  1808 | D:2      | Reached skill level 1 in Fighting
  1958 | D:2      | Found a blossoming altar of Fedhas.
  1969 | D:2      | Noticed Jessica
  1983 | D:2      | Killed Jessica
  1984 | D:2      | Gained mutation: You sometimes gain a little power by
                  | taking damage. [demonic ancestry]
  1984 | D:2      | Reached XP level 4. HP: 11/32 MP: 1/8
  2265 | D:2      | Reached skill level 5 in Necromancy
  2390 | D:2      | Reached skill level 1 in Armour
  2692 | D:3      | Noticed a phantom
  2720 | D:3      | Killed a phantom
  2721 | D:3      | Reached XP level 5. HP: 16/37 MP: 4/9
  3390 | D:4      | Learned a level 4 spell: Animate Dead
  3701 | D:4      | Identified the ring "Sigu" {EV+5 Str+5}
  3844 | D:4      | Found an ancient bone altar of Kikubaaqudgha.
  3998 | D:4      | Found a glowing drain.
  4000 | D:4      | Reached XP level 6. HP: 44/44 MP: 7/11
  4010 | Sewer    | Entered a sewer
  4710 | Sewer    | Reached skill level 6 in Necromancy
  4811 | Sewer    | Identified the +6 scale mail of the Loving Gods {Regen+
                  | Str-2 Dex+9 Stlth+}
  4922 | D:5      | Entered Level 5 of the Dungeon
  4928 | D:5      | Reached skill level 1 in Throwing
  4928 | D:5      | Gained mutation: You have a tail ending in a sharp stinger.
                  | [demonic ancestry]
  4928 | D:5      | Reached XP level 7. HP: 51/51 MP: 7/13
  5679 | D:5      | Reached skill level 7 in Necromancy
  5707 | D:5      | Reached skill level 5 in Spellcasting
  5707 | D:5      | Reached skill level 1 in Evocations
  5722 | D:5      | Gained mutation: You have an unusually large brain. (Int
                  | +2) [demonic ancestry]
  5722 | D:5      | Reached XP level 8. HP: 58/58 MP: 2/15
  5964 | D:5      | Reached skill level 1 in Long Blades
  5964 | D:5      | Reached skill level 1 in Shields
  7800 | D:7      | Gained mutation: You have a sharp stinger which inflicts
                  | weakening toxins. [demonic ancestry]
  7800 | D:7      | Reached XP level 9. HP: 65/65 MP: 0/16
  7922 | D:7      | Found Boucaxzo's Antique Armour Emporium.
  7958 | D:7      | Found Qysal's Distillery.
  7977 | D:7      | Bought a potion of heal wounds for 55 gold pieces
  7977 | D:7      | Bought a potion of heal wounds for 55 gold pieces
  7977 | D:7      | Bought a potion of heal wounds for 55 gold pieces
  7977 | D:7      | Bought a potion of degeneration for 11 gold pieces
  7977 | D:7      | Bought a potion of haste for 110 gold pieces
  7977 | D:7      | Bought 2 potions of curing for 66 gold pieces
  8095 | D:7      | Found Fusiref's Antique Armour Emporium.
  8152 | D:7      | Noticed Joseph
  8216 | D:7      | Killed Joseph
  8448 | D:7      | Found Caquj's Assorted Antiques.
  8546 | D:7      | Noticed Menkaure
  8553 | D:7      | Killed Menkaure
  8644 | D:7      | Noticed SacredBeard's ghost (novice DsNe)
  8668 | D:7      | Reached skill level 5 in Long Blades
  8719 | D:7      | Found a runed translucent gate.
  8719 | D:7      | Found a runed translucent gate.
  8719 | D:7      | Found a runed translucent gate.
  8921 | D:7      | Found a staircase to the Ecumenical Temple.
  8972 | D:7      | Noticed Pikel
  9342 | D:7      | Killed Pikel
  9343 | D:7      | Reached skill level 5 in Fighting
  9343 | D:7      | Gained mutation: You punish those that try to bend your
                  | will. (Will+) [demonic ancestry]
  9343 | D:7      | Reached XP level 10. HP: 62/74 MP: 9/17
  9694 | D:8      | Found a staircase to the Lair.
 10016 | D:8      | Found a flagged portal.
 10080 | Bailey   | Entered a bailey
 10224 | Bailey   | Noticed Grum
 10252 | Bailey   | Slain by Grum

Illustrated notes

Levels and vault maps discovered:
D:1:      minmay_arrival_stair_chambers, layout_basic, serial_shops, shop,
          kennysheep_pointless_box, grunt_decor_fettered, minmay_hexomino_c4
D:2:      minmay_general_purpose_star, layout_loops_ring, basic_altar,
          uniq_jessica
D:3:      layout_rooms, serial_park_tiny_2, minmay_between
D:4:      layout_cave_pools, lemuel_zombie_altar_kikubaaqudgha,
          portal_sewer_entry_b
D:5:      layout_basic, minmay_holes
D:6:      layout_basic
D:7:      layout_basic, minmay_temple_entry_from_below_a, gammafunk_ghost_icy,
          serial_shops, nicolae_shop_overgrown_old_shop, shop_statue,
          nicolae_shop_statue_plus, nicolae_shop_waterfront, st_stairs_9,
          chequers_serial_rivers_room_b, columned_hall_lemuel, uniq_pikel,
          uniq_menkaure, uniq_joseph
D:8:      layout_gridville, hellmonk_lair_entry_icy, enter_bailey_8
Bailey:   bailey_polearm_gnolls_kennysheep, bailey

Skill      XL: |  1  2  3  4  5  6  7  8  9 10 |
---------------+-------------------------------+-----
Stealth        | 2 3 |  3.0
Dodging        | 2 4 |  4.7
Fighting       | 1 2 3 5 |  5.7
Necromancy     | 5 6 7 |  7.0
Armour         | 1 2 4 |  4.8
Spellcasting   | 3 4 5 |  5.0
Throwing       | 1 2 |  2.0
Evocations     | 1 3 |  3.0
Long Blades    | 3 5 6 |  6.7
Shields        | 2 4 |  4.8

Action                     |  1- 3 |  4- 6 |  7- 9 | 10-12 || total
---------------------------+-------+-------+-------+-------++-------
  Melee: Short sword       |    13 |       |       |       ||    13
         Tailslap          |     1 |     9 |    20 |     4 ||    34
         Dagger            |       |    64 |       |       ||    64
         Spear             |       |     4 |    93 |    57 ||   154
  Throw: Stone             |       |     2 |     4 |       ||     6
   Cast: Necrotise         |    60 |   160 |   295 |    79 ||   594
         Animate Dead      |       |       |       |     1 ||     1
  Evoke: Wand              |       |       |       |     3 ||     3
   Stab: Sleeping          |       |       |     1 |     1 ||     2
         Distracted        |       |       |     1 |     4 ||     5
 Armour: Leather armour    |     3 |    44 |       |       ||    47
         Scale mail        |       |       |    82 |    39 ||   121
  Dodge: Dodged            |    10 |    92 |   145 |   142 ||   389
  Block: Buckler           |       |       |    73 |   112 ||   185
